 Dungeon Crawl Stone Soup version 0.21.1-1-g345015f (webtiles) character file.

163 aMcNicky the Ruffian (level 5, -1/43 HPs)
             Began as a Gnoll Wanderer on Mar 15, 2018.
             Slain by an iguana (10 damage)
             ... on level 3 of the Dungeon.
             The game lasted 00:05:57 (2739 turns).

aMcNicky the Ruffian (Gnoll Wanderer)               Turns: 2739, Time: 00:05:58

Health: -1/43      AC:  5    Str: 19    XL:     5   Next: 44%
Magic:  7/7        EV: 11    Int: 15    God:
Gold:   105        SH:  0    Dex: 10    Spells: 6/6 levels left

rFire    . . .     SeeInvis .   a - +2 shortbow
rCold    . . .     Gourm    .   (shield currently unavailable)
rNeg     . . .     Faith    .   x - +0 ring mail
rPois    .         Spirit   .   (no helmet)
rElec    .         Reflect  .   (no cloak)
rCorr    .         Harm     .   (no gloves)
MR       .....                  (no boots)
Stlth    ++........             (no amulet)
HPRegen  0.14/turn              (no ring)
MPRegen  0.10/turn              (no ring)

@: no status effects
A: distributed training, fangs 1, strong nose
a: no special abilities


You were on level 3 of the Dungeon.
You were not hungry.

You visited 1 branch of the dungeon, and saw 3 of its levels.

You collected 105 gold pieces.

Inventory:

Hand Weapons
 a - a +2 shortbow (weapon)
 b - a +0 dagger
 d - a +0 club
Missiles
 e - 12 arrows (quivered)
Armour
 j - a +0 leather armour
 t - a +0 leather armour
 x - a +0 ring mail (worn)
Jewellery
 w - a +1 ring of protection {unknown}
Wands
 v - a wand of acid (11)
Scrolls
 c - 4 scrolls of teleportation
 h - a scroll of immolation {unknown}
 m - 3 scrolls of remove curse {unknown}
 n - 2 scrolls of identify {unknown}
 p - 4 scrolls of amnesia {unknown}
 u - a scroll of fear {unknown}
Potions
 g - a potion of degeneration {unknown}
 i - a potion of curing {unknown}
 k - a potion of flight {unknown}
 l - a potion of resistance {unknown}
 o - 2 potions of heal wounds {unknown}
 q - a potion of haste {unknown}
 r - a potion of might {unknown}
 z - a potion of mutation {unknown}
Comestibles
 f - 6 rations


   Skills:
 + Level 4.8 Fighting
 + Level 1.4 Short Blades
 + Level 1.4 Long Blades
 + Level 1.4 Axes
 + Level 1.4 Maces & Flails
 + Level 1.4 Polearms
 + Level 1.4 Staves
 + Level 1.4 Slings
 + Level 3.0 Bows
 + Level 1.4 Crossbows
 + Level 1.4 Throwing
 + Level 1.4 Armour
 + Level 3.0 Dodging
 + Level 4.4 Stealth
 + Level 3.0 Shields
 + Level 4.8 Unarmed Combat
 + Level 1.4 Spellcasting
 + Level 1.1 Conjurations
 + Level 1.1 Hexes
 + Level 1.1 Charms
 + Level 1.1 Summonings
 + Level 1.1 Necromancy
 + Level 1.1 Translocations
 + Level 1.1 Transmutations
 + Level 1.1 Fire Magic
 + Level 1.1 Ice Magic
 + Level 1.1 Air Magic
 + Level 1.1 Earth Magic
 + Level 1.1 Poison Magic
 + Level 1.6 Invocations
 + Level 3.0 Evocations


You had 6 spell levels left.
You didn't know any spells.

Dungeon Overview and Level Annotations

Branches:
Dungeon (3/15)

Altars:
Wu Jian


Innate Abilities, Weirdness & Mutations

Your experience applies equally to all skills.
You have very sharp teeth.
Your uncanny sense of smell can sniff out nearby items.


Message History

The iguana is moderately wounded.
The iguana barely misses you.
Your ring mail prevents you from hitting the iguana.
The iguana is moderately wounded.
The iguana misses you.
You barely miss the iguana.
The iguana is moderately wounded.
The iguana bites you but does no damage.
You hit the iguana but do no damage.
The iguana is moderately wounded.
The iguana bites you!
a - a +2 shortbow (weapon)
The iguana bites you!
* * * LOW HITPOINT WARNING * * *
You are too injured to fight recklessly!
Firing (i - inventory):
e - 13 arrows (quivered)
Press: ? - help, Shift-Dir - straight line, f - iguana
Aim: an iguana (moderately wounded)
You shoot an arrow. The arrow closely misses the iguana.
The iguana bites you!
You die...

### #.........#....
#........# #.........#.###
........# #.........#.#
.......####..#######.###
###....(..#..)..........
+J+..........#######.#.#
###...###...............
###...###.#..#######.#.#
+('...l@..#.............
###...###.#..#######.#.#
#...###.#..#######.#.#
+...........(.........
##...###.#....#####.#.#
#.##....###.#.............
............#..##.####.#.#
#.########..#..##.####.#.#
. .......................


You could see an iguana and a jelly.

Vanquished Creatures
  2 orc wizards (D:3)
  The ghost of dscm the Grave Robber, a weakling DsNe (D:3)
  A hound skeleton (D:3)
  An adder (D:3)
  2 oozes
  3 dart slugs
  2 leopard geckos
  4 orcs (D:3)
  2 ball pythons
  4 bats
  A giant cockroach (D:3)
  6 goblins
  4 hobgoblins
  3 jackals (D:1)
  6 kobolds
  3 quokkas
  5 frilled lizards
  A rat (D:3)
51 creatures vanquished.

Notes
Turn   | Place    | Note
-------+----------+-------------------------------------------
     0 | D:1      | aMcNicky the Gnoll Wanderer began the quest for the Orb.
     0 | D:1      | aMcNicky set off with: a +2 shortbow, 23 arrows, 2 scrolls of teleportation, a +0 robe, a +0 dagger, a ration
     0 | D:1      | Reached XP level 1. HP: 20/20 MP: 2/2
   343 | D:1      | Reached XP level 2. HP: 26/26 MP: 3/3
   689 | D:1      | Reached XP level 3. HP: 31/31 MP: 4/4
  1492 | D:2      | Reached skill level 1 in Invocations
  2047 | D:3      | Reached skill level 1 in Short Blades
  2047 | D:3      | Reached skill level 1 in Long Blades
  2047 | D:3      | Reached skill level 1 in Axes
  2047 | D:3      | Reached skill level 1 in Maces & Flails
  2047 | D:3      | Reached skill level 1 in Polearms
  2047 | D:3      | Reached skill level 1 in Staves
  2047 | D:3      | Reached skill level 1 in Slings
  2047 | D:3      | Reached skill level 1 in Crossbows
  2047 | D:3      | Reached skill level 1 in Throwing
  2047 | D:3      | Reached skill level 1 in Armour
  2047 | D:3      | Reached skill level 1 in Spellcasting
  2047 | D:3      | Reached XP level 4. HP: 38/38 MP: 4/6
  2050 | D:3      | Reached skill level 1 in Conjurations
  2050 | D:3      | Reached skill level 1 in Hexes
  2050 | D:3      | Reached skill level 1 in Charms
  2050 | D:3      | Reached skill level 1 in Summonings
  2050 | D:3      | Reached skill level 1 in Necromancy
  2050 | D:3      | Reached skill level 1 in Translocations
  2050 | D:3      | Reached skill level 1 in Transmutations
  2050 | D:3      | Reached skill level 1 in Fire Magic
  2050 | D:3      | Reached skill level 1 in Ice Magic
  2050 | D:3      | Reached skill level 1 in Air Magic
  2050 | D:3      | Reached skill level 1 in Earth Magic
  2050 | D:3      | Reached skill level 1 in Poison Magic
  2090 | D:3      | Noticed dscm's ghost (weakling DsNe)
  2099 | D:3      | Killed dscm's ghost
  2099 | D:3      | Reached XP level 5. HP: 23/43 MP: 7/7
  2414 | D:3      | Found an ornate altar of the Wu Jian Council.
  2739 | D:3      | Slain by an iguana

Skill      XL: |  1  2  3  4  5 |
---------------+----------------+-----
Invocations    | 1 |  1.6
Short Blades   | 1 |  1.4
Long Blades    | 1 |  1.4
Axes           | 1 |  1.4
Maces & Flails | 1 |  1.4
Polearms       | 1 |  1.4
Staves         | 1 |  1.4
Slings         | 1 |  1.4
Crossbows      | 1 |  1.4
Throwing       | 1 |  1.4
Armour         | 1 |  1.4
Spellcasting   | 1 |  1.4
Conjurations   | 1 |  1.1
Hexes          | 1 |  1.1
Charms         | 1 |  1.1
Summonings     | 1 |  1.1
Necromancy     | 1 |  1.1
Translocations | 1 |  1.1
Transmutations | 1 |  1.1
Fire Magic     | 1 |  1.1
Ice Magic      | 1 |  1.1
Air Magic      | 1 |  1.1
Earth Magic    | 1 |  1.1
Poison Magic   | 1 |  1.1
Bows           | 3 |  3.0
Dodging        | 3 |  3.0
Shields        | 3 |  3.0
Evocations     | 3 |  3.0
Fighting       | |  4.8
Stealth        | |  4.4
Unarmed Combat | |  4.8

Action                   |  1- 3 |  4- 6 || total
-------------------------+-------+-------++-------
Melee: Dagger            |    26 |    27 ||    53
       Bite              |     3 |     3 ||     6
       Punch             |     1 |     2 ||     3
 Fire: Shortbow          |    65 |    40 ||   105
  Eat: Chunk             |     2 |       ||     2
       Ration            |     1 |       ||     1
Armor: Robe              |    12 |       ||    12
       Leather armour    |       |     6 ||     6
       Ring mail         |       |     7 ||     7
Dodge: Dodged            |    23 |    24 ||    47
